 Dungeon Crawl Stone Soup version 0.28.0-53-g5a82cb258f (webtiles) character file.

Game seed: 9274449931575699398

413 RustandSilver the Slasher (level 6, -4/47 HPs)
             Began as a Demonspawn Gladiator on May 28, 2022.
             Was a Follower of Cheibriados.
             Killed by divine providence
             ... invoked by an orc priest
              (12 damage)
             ... on level 4 of the Dungeon.
             The game lasted 00:14:59 (2200 turns).

RustandSilver the Slasher (Demonspawn Gladiator)    Turns: 2200, Time: 00:15:00

Health: -4/47      AC: 12    Str: 18    XL:     6   Next: 59%
Magic:  4/6        EV:  6    Int: 11    God:    Cheibriados [*.....]
Gold:   133        SH:  4    Dex: 17    Spells: 5/5 levels left

rFire   . . .      SeeInvis .   j - +1 war axe (elec)
rCold   . . .      Faith    +   (no shield)
rNeg    . . .      Spirit   .   e - +0 plate armour {rPois}
rPois   +          Reflect  .   c - +0 helmet
rElec   .          Harm     .   (no cloak)
rCorr   .          Rampage  .   (no gloves)
Will    .....                   (no boots)
Stlth   ..........              f - amulet of faith
HPRegen 0.15/turn               (no ring)
MPRegen 0.20/turn               (no ring)

@: very slow
A: large bone plates 1, magic regeneration, weakness stinger 2
a: Renounce Religion, Bend Time


You were on level 4 of the Dungeon.
You worshipped Cheibriados.
Cheibriados was aware of your devotion.
You visited 2 branches of the dungeon, and saw 5 of its levels.

You collected 133 gold pieces.

Inventory:

Hand Weapons
 a - a +0 long sword
 j - a +1 war axe of electrocution (weapon)
Missiles
 d - 3 throwing nets (quivered)
Armour
 b - a +0 leather armour
 c - a +0 helmet (worn)
 e - a +0 plate armour of poison resistance (worn)
Jewellery
 f - an amulet of faith (around neck)
Scrolls
 i - a scroll of teleportation {unknown}
 l - a scroll of identify
Potions
 g - a potion of magic {unknown}
 h - 3 potions of curing {unknown}
 k - a potion of degeneration {unknown}
 m - a potion of attraction {unknown}


   Skills:
 + Level 3.0 Fighting
 + Level 4.9 Long Blades
 + Level 1.2 Axes
 + Level 2.1 Throwing
 + Level 2.7 Armour
 + Level 3.2 Dodging
 * Level 0.4 Stealth
 + Level 0.1 Shields


You had 5 spell levels left.
You didn't know any spells.
Your spell library was empty.

Dungeon Overview and Level Annotations

Branches:
Dungeon (4/15)             Temple (1/1) D:4

Altars:
Ashenzari
Cheibriados
Dithmenos
Elyvilon
Fedhas
Gozag
Hepliaklqana
Kikubaaqudgha
Makhleb
Nemelex Xobeh
Okawaru
Qazlal
Ru
Sif Muna
Uskayaw
Vehumet
Wu Jian
Yredelemnul
Zin


Innate Abilities, Weirdness & Mutations

You are partially covered in large bone plates. (SH +4)
You regenerate magic rapidly.
You have a tail ending in a sharp stinger.


Message History

The orc priest mumbles some strange prayers to Beogh against you.
Beogh smites you!
The orc priest hits you but does no damage.
The orc priest hits you with a +0 dagger.
The orc priest casts a cantrip, but nothing happens.
You block the orc priest's attack.
You slash the orc priest! You tail-slap the orc priest.
The orc priest is almost dead.
The orc priest invokes the aid of Beogh against you.
You barely resist. The orc priest barely misses you.
You hit the orc priest.
You kill the orc priest!
Cheibriados appreciates the change of pace.
The giant cockroach bites you but does no damage.
Your Axes skill increases to level 1!
You closely miss the giant cockroach.
You tail-slap the giant cockroach, but do no damage.
The giant cockroach bites you but does no damage. x2
You hit the giant cockroach but do no damage.
The giant cockroach bites you but does no damage.
You hit the giant cockroach.
Your tail-slap misses the giant cockroach.
The giant cockroach is moderately wounded.
The giant cockroach bites you.
The orc priest calls down the wrath of Beogh upon you.
Beogh smites you!
* * * LOW HITPOINT WARNING * * *
The giant cockroach waves its antennae.
The giant cockroach bites you but does no damage.
The flow of time bends around you.
Cheibriados rebukes the giant cockroach.
The giant cockroach seems to slow down.
The giant cockroach bites you.
* * * LOW HITPOINT WARNING * * *
The giant cockroach bites you but does no damage.
The giant cockroach bites you but does no damage.
The orc hits you but does no damage.
The orc priest begins to cast a cantrip, but forgets the words!
The orc priest invokes the aid of Beogh against you.
Beogh smites you!
You die...

#.....#...#.#.##......
#..##.#.>.#.#......(..
#............#.......
#...#.#.#....#.....<.
#.#.#.#.#.##(...###..
#.#...........#.# ###
#####....#.##.#.#.#..#
#.)...##.#....#.#......
#.##.oBo@...........#.##
#.#..#..............#.#
#o#.###...>.....#######
#o### ##..#.....# #o#
##.#.##### #.# #.#.##..#
#.# #....#..# ........#
#....#..#≈≈# ...
.#.o....#
#....#..#≈.#....


You could see an orc priest, an orc and a giant cockroach (slow).

Vanquished Creatures
  Sigmund (D:3)
  An orc priest (D:4)
  Jessica (D:2)
  Natasha (twice) (D:3)
  A hound skeleton (D:4)
  7 adders
  A howler monkey skeleton (D:4)
  A worm (D:2)
  2 dart slugs
  8 orcs (D:3)
  3 bats
  4 endoplasms
  3 giant cockroaches
  7 goblins
  3 hobgoblins
  A ball python (D:2)
  A frilled lizard (D:2)
  5 kobolds
  12 rats (D:3)
64 creatures vanquished.

Vanquished Creatures (others)
  16 fungi (D:4)
16 creatures vanquished.

Grand Total: 80 creatures vanquished

Notes
Turn   | Place    | Note
-------+----------+-------------------------------------------
     0 | D:1      | RustandSilver the Demonspawn Gladiator began the quest for
                  | the Orb.
     0 | D:1      | Reached XP level 1. HP: 16/16 MP: 1/1
   203 | D:1      | Reached skill level 3 in Long Blades
   205 | D:1      | Gained mutation: You have a small tail. [demonic ancestry]
   205 | D:1      | Reached XP level 2. HP: 18/22 MP: 2/2
   695 | D:2      | Gained mutation: You have a tail ending in a sharp stinger.
                  | [demonic ancestry]
   695 | D:2      | Reached XP level 3. HP: 25/27 MP: 3/3
   788 | D:2      | Noticed Jessica
   798 | D:2      | Killed Jessica
   799 | D:2      | Gained mutation: You regenerate magic rapidly. [demonic
                  | ancestry]
   799 | D:2      | Reached XP level 4. HP: 20/34 MP: 4/4
  1085 | D:2      | Reached skill level 1 in Armour
  1259 | D:3      | Found a snail-covered altar of Cheibriados.
  1341 | D:3      | Noticed Sigmund
  1349 | D:3      | Killed Sigmund
  1350 | D:3      | Reached skill level 4 in Long Blades
  1350 | D:3      | Gained mutation: You are partially covered in large bone
                  | plates. (SH +4) [demonic ancestry]
  1350 | D:3      | Reached XP level 5. HP: 24/41 MP: 5/5
  1372 | D:3      | Noticed Natasha
  1381 | D:3      | Killed Natasha
  1382 | D:3      | Reached XP level 6. HP: 15/47 MP: 6/6
  1795 | D:3      | Noticed Natasha
  1803 | D:3      | Killed Natasha
  1851 | D:3      | Became a worshipper of Cheibriados the Contemplative
  1915 | D:3      | Reached * piety under Cheibriados
  2009 | D:4      | Found a staircase to the Ecumenical Temple.
  2033 | Temple   | Entered the Ecumenical Temple
  2191 | D:4      | Reached skill level 1 in Axes
  2200 | D:4      | Killed from afar by an orc priest

Illustrated notes

Levels and vault maps discovered:
D:1:      dpeg_arrival_renting, layout_basic
D:2:      kennysheep_six_static_rooms, layout_basic, uniq_jessica
D:3:      layout_basic, mainiacjoe_overflow_concentric_impassable,
          minmay_rat_hole, uniq_natasha, uniq_sigmund
D:4:      layout_basic, kennysheep_little_box, amethyst_overflow_temple_binary,
          minmay_temple_entry_ruins, serial_aquarium, aquarium_bridge_square
          [aquarium_subvault_wall, aquarium_subvault_bridge,
          aquarium_subvault_balcony, aquarium_subvault_bridge],
          aquarium_window_2, aquarium_window_corridor_3, aquarium_window_fake,
          aquarium_window_2, aquarium_view_2d, aquarium_balcony_double_4,
          aquarium_pool_2, serial_shops, shop, shop, nicolae_wormholes,
          uniq_crazy_yiuf_cottage
Temple:   nicolae_temple_no_exploring_needed

Skill      XL: |  1  2  3  4  5  6 |
---------------+-------------------+-----
Long Blades    | 3 4 |  4.9
Dodging        | 3 |  3.2
Throwing       | 2 |  2.1
Armour         | 2 |  2.7
Fighting       | 3 |  3.0
Axes           | 1 |  1.2
Stealth        | |  0.4
Shields        | |  0.1

Action                   |  1- 3 |  4- 6 || total
-------------------------+-------+-------++-------
Melee: Long sword        |    68 |    45 ||   113
       Tailslap          |     8 |    14 ||    22
       Punch             |     1 |       ||     1
       War axe           |       |    59 ||    59
Throw: Throwing net      |     1 |       ||     1
Invok: Bend Time         |       |     1 ||     1
  Use: Scroll            |       |     3 ||     3
Armor: Plate armour      |    57 |   114 ||   171
Dodge: Dodged            |    14 |    36 ||    50
Block: Other             |       |    15 ||    15
